 Dungeon Crawl Stone Soup version 0.26.1-11-gd32895ea62 (webtiles) character file.

Game seed: 4076657601223268552

305 Jerry the Sneak (level 6, -2/39 HPs)
             Began as an Octopode Brigand on June 22, 2021.
             Slain by a phantom (8 damage)
             ... in a sewer.
             The game lasted 00:07:10 (3018 turns).

Jerry the Sneak (Octopode Brigand)                  Turns: 3018, Time: 00:07:11

Health: -2/39      AC:  1    Str: 12    XL:     6   Next: 39%
Magic:  6/6        EV: 14    Int: 13    God:
Gold:   68         SH:  0    Dex: 14    Spells: 5/5 levels left

rFire    . . .     SeeInvis .     - Unarmed
rCold    . . .     Faith    .   (no shield)
rNeg     . . .     Spirit   .   (helmet restricted)
rPois    .         Reflect  .   (no amulet)
rElec    .         Harm     .   h - +4 ring of slaying
rCorr    +         Rampage  .   i - ring of resist corrosion
Will     .....                  (no ring)
Stlth    ++++......             (no ring)
HPRegen  0.13/turn              (no ring)
MPRegen  0.10/turn              (no ring)
                                (no ring)
                                (no ring)

@: no status effects
A: almost no armour, stealthy swim, amphibious, 8 rings, constrict 8, camouflage
1, gelatinous body 1
a: no special abilities


You were in a sewer.
You visited 1 branch of the dungeon, and saw 3 of its levels.
You also visited: Sewer.

You collected 68 gold pieces.

Inventory:

Missiles
 b - 13 poisoned darts (quivered)
 c - 2 curare-tipped darts
Armour
 g - a +0 buckler
Jewellery
 h - a +4 ring of slaying (left tentacle)
 i - a ring of resist corrosion (right tentacle)
Scrolls
 a - 3 scrolls of enchant weapon {unknown}
 d - 7 scrolls of identify {unknown}
 e - a scroll of amnesia {unknown}
 f - 4 scrolls of magic mapping {unknown}
Potions
 j - a potion of curing {unknown}


   Skills:
 - Level 2.0 Fighting
 - Level 2.0 Short Blades
 + Level 3.4 Throwing
 + Level 2.9 Dodging
 + Level 6.7 Stealth
 + Level 2.1 Shields
 + Level 2.4 Unarmed Combat


You had 5 spell levels left.
You didn't know any spells.
Your spell library was empty.

Dungeon Overview and Level Annotations

Branches:
Dungeon (2/15)              Sewer (1/1)

Altars:


Innate Abilities, Weirdness & Mutations

You cannot wear most types of armour.
You are very stealthy in the water. (Stealth+)
You are amphibious.
You can wear up to eight rings at the same time.
You can use your tentacles to constrict eight enemies at once.
Your skin changes colour to match your surroundings (Stealth+).
Your rubbery body absorbs attacks. (AC +1, EV +1)


Message History

You tentacle-slap the phantom.
The phantom is lightly damaged.
The phantom hits you!
The phantom blinks!
You tentacle-slap the phantom.
The phantom is moderately damaged.
The phantom barely misses you.
You closely miss the phantom.
The phantom is moderately damaged.
The phantom hits you!
You tentacle-slap the phantom.
The phantom is moderately damaged.
The phantom hits you.
You closely miss the phantom.
Your tentacle-slap misses the phantom.
The phantom is moderately damaged.
The phantom hits you!
* * * LOW HITPOINT WARNING * * *
You tentacle-slap the phantom. Your squeeze misses the phantom.
The phantom is moderately damaged.
The phantom hits you!
You die...

≈≈≈≈≈≈≈..≈ ≈≈≈≈≈≈≈#.≈
≈##################..
.'..≈≈≈≈≈≈≈≈≈≈≈≈≈#..
#≈≈.#.≈≈≈≈≈≈≈≈≈≈≈≈≈≈#.≈ ≈
#≈≈.#.≈≈≈≈≈≈≈≈≈≈≈≈≈≈#.≈ ≈..
#≈≈.#.≈≈≈≈≈≈≈≈≈≈≈≈≈≈#.≈ #'''
#≈≈.#..÷≈≈≈≈≈≈≈≈≈≈≈≈#.. .....
#≈..#.@÷≈≈≈≈≈≈≈≈≈≈≈≈#.≈
..⌠..###.####W#≈###≈≈#≈####..
⌠.W...#†.K#(≈(............#.≈
..K.⌠.K.WK≈≈≈≈..(.....).....(
⌠.....#..K#≈≈(............#.≈
..⌠.. ##)####.###≈##≈##≈####≈
.... #≈≈.#...≈≈≈≈≈≈≈≈≈≈≈≈≈≈≈
#'' #≈≈.#..≈≈≈≈≈≈≈≈≈≈≈≈≈≈.≈
≈. #≈.(#.≈≈≈≈≈≈≈≈≈≈≈≈≈≈≈≈≈


You could see a phantom.

Vanquished Creatures
  A big kobold (Sewer)
  A worker ant (D:4)
  3 big kobold zombies (Sewer)
  Robin (D:2)
  5 adders
  A shadow imp (Sewer)
  An ufetubus (Sewer)
  3 adder zombies (Sewer)
  2 worms (D:2)
  2 dart slugs
  A leopard gecko (D:1)
  5 bats
  4 giant cockroaches
  10 hobgoblins
  18 kobolds
  2 quokkas (D:2)
  A ball python (Sewer)
  2 frilled lizards
  14 goblins
  4 rats (D:1)
81 creatures vanquished.

Notes
Turn   | Place    | Note
-------+----------+-------------------------------------------
     0 | D:1      | Jerry the Octopode Brigand began the quest for the Orb.
     0 | D:1      | Reached XP level 1. HP: 14/14 MP: 1/1
    41 | D:1      | Reached XP level 2. HP: 17/19 MP: 2/2
  1072 | D:1      | Reached XP level 3. HP: 22/24 MP: 3/3
  1463 | D:2      | Reached skill level 1 in Unarmed Combat
  1693 | D:2      | Reached skill level 6 in Stealth
  1693 | D:2      | Reached XP level 4. HP: 25/29 MP: 4/4
  1959 | D:2      | Noticed Robin
  1985 | D:2      | Killed Robin
  1986 | D:2      | Reached skill level 1 in Shields
  2151 | D:2      | Reached XP level 5. HP: 17/34 MP: 5/5
  2428 | D:2      | You fall into a shaft and drop 2 floors!
  2609 | D:4      | Found a glowing drain.
  2633 | Sewer    | Entered a sewer
  2964 | Sewer    | Reached XP level 6. HP: 39/39 MP: 6/6
  2986 | Sewer    | Found an ancient bone altar of Kikubaaqudgha.
  2990 | Sewer    | Noticed a phantom
  3018 | Sewer    | Slain by a phantom

Illustrated notes

Levels and vault maps discovered:
D:1:      wander_arrival_peaceful_grave, layout_basic, minmay_tiny_reverse_x
D:2:      layout_loops_ring, lemuel_blue_sif_altar, minivault_4,
          hangedman_decor_riveting, grunt_ministairs_15, uniq_robin
D:4:      layout_loops_ring, serial_glass, glass_columns_c, glass_columns_b,
          glass_columns_c, glass_columns_b, glass_columns_b, glass_columns_b,
          glass_columns_c, glass_columns_b, glass_columns_b, glass_columns_a,
          glass_columns_b, glass_columns_b, glass_columns_a, glass_columns_a,
          portal_sewer_entry_d
Sewer:    kennysheep_sewer_church

Skill      XL: |  1  2  3  4  5  6 |
---------------+-------------------+-----
Unarmed Combat | 1 2 |  2.4
Dodging        | 2 |  2.9
Stealth        | 6 |  6.7
Shields        | 1 2 |  2.1
Throwing       | 3 |  3.4
Fighting       | |  2.0
Short Blades   | |  2.0

Action                   |  1- 3 |  4- 6 || total
-------------------------+-------+-------++-------
Melee: Unarmed           |    98 |   112 ||   210
       Constrict         |    30 |    35 ||    65
       Tentacles         |    22 |    24 ||    46
       Dagger            |     1 |       ||     1
Throw: Dart              |       |     1 ||     1
 Stab: Sleeping          |    13 |     2 ||    15
Armor: Skin              |     9 |     2 ||    11
Dodge: Dodged            |    68 |    61 ||   129
